 Dungeon Crawl Stone Soup version 0.22-a0-301-gf0fe05c (webtiles) character file.

20074 Amnesiac the Thaumaturge (level 12, -14/68 HPs)
             Began as a Tengu Air Elementalist on Mar 26, 2018.
             Was an Elder of Sif Muna.
             Demolished by an orc knight
             ... wielding a +2 dire flail
              (40 damage)
             ... on level 1 of the Orcish Mines.
             The game lasted 00:31:46 (17859 turns).

Amnesiac the Thaumaturge (Tengu Air Elementalist)  Turns: 17859, Time: 00:31:46

Health: -14/68     AC:  6    Str:  9    XL:     12   Next: 75%
Magic:  15/29      EV: 22    Int: 19    God:    Sif Muna [****..]
Gold:   1013       SH:  9    Dex: 16    Spells: 19/35 levels left

rFire    . . .     SeeInvis +   n - +2 dagger (venom)
rCold    . . .     Gourm    .   v - +4 buckler of Happy Babbling {rElec}
rNeg     + . .     Faith    .   K - +2 robe {rN+}
rPois    .         Spirit   .   l - +2 hat
rElec    +         Reflect  .   (no cloak)
rCorr    +         Harm     +   (no gloves)
MR       .....                  (boots unavailable)
Stlth    ++........             u - amulet of harm
HPRegen  0.21/turn              e - ring of see invisible
MPRegen  0.21/turn              I - ring of resist corrosion

@: flying quickly and evasively, studying 2 skills, divine energy, quick
A: beak, talons 3, able to fly 1
a: Stop Divine Energy, Channel Magic, Forget Spell, Renounce Religion


You were on level 1 of the Orcish Mines.
You worshipped Sif Muna.
Sif Muna was greatly pleased with you.
You were near starving.

You visited 3 branches of the dungeon, and saw 14 of its levels.
You also visited: Bailey.

You collected 1013 gold pieces.

Inventory:

Hand Weapons
 i - a +4 blowgun
 n - a +2 dagger of venom (weapon)
 w - a +1 dagger of electrocution
Missiles
 h - 4 curare-tipped needles
Armour
 l - a +2 hat (worn)
 v - the +4 buckler of Happy Babbling (worn) {rElec}
   (You found it on level 4 of the Dungeon)

   It insulates you from electricity.
 K - a +2 robe of positive energy (worn)
Jewellery
 e - a ring of see invisible (left hand)
 u - an amulet of harm (around neck)
 I - a ring of resist corrosion (right hand)
Wands
 k - a wand of flame (122)
 A - a wand of acid (24)
 D - a wand of clouds (3)
 E - a wand of enslavement (14)
 G - a wand of disintegration (10)
Scrolls
 d - 2 scrolls of teleportation {!r}
 f - 4 scrolls of enchant armour {!r}
 g - 6 scrolls of identify {!r}
 m - 3 scrolls of blinking {!r}
 o - 4 scrolls of fog {!r}
 p - a scroll of vulnerability {!r}
 q - 6 scrolls of remove curse {!r}
 s - a scroll of amnesia {!r}
 y - a scroll of acquirement {!r, unknown}
 J - a scroll of magic mapping {!r}
Potions
 b - 2 potions of berserk rage {!q, unknown}
 j - 2 potions of curing {!q}
 r - 4 potions of mutation {!q}
 t - 6 potions of lignification {!q}
 B - a potion of heal wounds {!q}
 C - a potion of brilliance {!q}
 H - a potion of agility {!q}
Books
 z - a manual of
Armour
 F - a manual of Shields
Comestibles
 c - 33 rations


   Skills:
 + Level 5.4 Fighting
 * Level 9.1 Dodging
 - Level 2.0 Stealth
 - Level 4.0 Shields
 - Level 12.2 Spellcasting
 - Level 1.3 Conjurations
 - Level 12.2 Air Magic
 * Level 7.2 Invocations


You had 19 spell levels left.
You knew the following spells:

 Your Spells              Type           Power        Failure   Level  Hunger
a - Airstrike             Air            ######....   1%          4    #......
c - Swiftness             Chrm/Air       ####....     1%          2    None
d - Lightning Bolt        Conj/Air       #####.....   10%         5    ####...
e - Mephitic Cloud        Conj/Pois/Air  ####....     2%          3    None
v - Blink                 Tloc           N/A          9%          2    None


Dungeon Overview and Level Annotations

Branches:
Dungeon (12/15)            Temple (0/1) D:4            Lair (1/6) D:8
    Orc (1/2) D:11

Altars:
Gozag
Kikubaaqudgha
Nemelex Xobeh
Qazlal
Sif Muna

Shops:
D:11 =


Innate Abilities, Weirdness & Mutations

You have a beak for a mouth.
You have claws for feet.
You can fly.


Message History

Confirm with . or Enter, or press ? or * to list all spells.
Aiming: Airstrike (safe; 1% risk of failure)
Press: ? - help, Dir - move target cursor, f - orc knight
Aim: an orc knight, wielding an enchanted war axe and wearing a chain mail (severely wounded)
The air twists around and strikes the orc knight!
The orc knight is almost dead.
Casting: Airstrike (safe; 1% risk of failure)
Confirm with . or Enter, or press ? or * to list all spells.
Aiming: Airstrike (safe; 1% risk of failure)
Press: ? - help, Dir - move target cursor, f/p - orc knight
Aim: an orc knight, wielding an enchanted war axe and wearing a chain mail (almost dead)
The air twists around and strikes the orc knight!
You kill the orc knight!
Sif Muna accepts your kill.
Things that are here:
an enchanted war axe; a chain mail There isn't anything to butcher here.
You are starting to lose your buoyancy.
You float gracefully downwards.
There is an open door here.
There is a stone staircase leading down here.
(D) Dungeon (T) Temple (L) Lair (O) Orcish Mines
Where to? (Enter - D:11 @ (x,y), ? - help)
What level of the Orcish Mines? (default 1, ? - help)
You see here a javelin.
There is a stone staircase leading down here.
There is an open door here.
You see here a javelin.
Things that are here:
a short sword; a flail of protection; a hand axe
There is a staircase to the Orcish Mines, spattered with blood here.
You climb downwards.
Welcome back to the Orcish Mines!
You block the orc knight's attack. The orc knight barely misses you.
There is a staircase back to the Dungeon here.
An orc knight comes into view. It is wielding an enchanted dire flail.
The orc knight roars a battlecry!
The orc priest goes into a battle-frenzy!
The orc knight shouts!
Okay, then.
You swoop lightly up into the air.
You feel very comfortable in the air.
You are near starving!
The orc knight roars a battlecry!
You block the orc knight's attack.
The orc knight roars a battlecry!
The orc knight goes into a battle-frenzy!
The orc shouts!
The orc shoots a bolt.
You block the bolt.
You see here a bolt.
Casting: Airstrike (safe; 1% risk of failure)
Confirm with . or Enter, or press ? or * to list all spells.
Aiming: Airstrike (safe; 1% risk of failure)
Press: ? - help, Dir - move target cursor, f - orc
Aim: an orc, wielding an arbalest The air twists around and strikes the orc!
You kill the orc!
Sif Muna accepts your kill.
The orc knight no longer looks unusually strong.
The orc knight roars a battlecry!
The orc knight goes into a battle-frenzy!
There is a staircase back to the Dungeon here.
The orc knight no longer looks unusually strong.
The orc knight hits you with an enchanted dire flail!!
Ouch! That really hurt!
You die...

###.)....## ##.#)......#
##..#..)....#####
##...)...........##
#.....[...o.......#
##......####......(#
##.....o## ###.....##
#........### #......#
##...^.....####o@..#.#
#.........#o...).## #
##........o.....## #
##.............# ### .##
####..........# #.###.#
##.........# ##.....##
###.......### #.......#
#..(........#####......##
#...........##..#.......####


You could see 2 orc knights and an orc priest.

Vanquished Creatures
  A hydra (D:10)
  2 two-headed ogres
  Urug (D:11)
  An unseen horror (D:10)
  The ghost of vishdafish the Slasher, a novice DrFi of Nemelex Xobeh (D:5)
  5 orc knights
  An elephant (D:8)
  Psyche (D:8)
  A hornet (D:11)
  4 blink frogs
  Prince Ribbit (D:8)
  4 hippogriffs
  A spriggan (D:7)
  A wyvern (D:9)
  A wraith (D:10)
  11 yaks
  A basilisk (D:8)
  Grum (D:8)
  2 hungry ghosts
  Menkaure (D:5)
  2 wargs
  4 water moccasins
  A hornet zombie (D:10)
  18 orc warriors
  An eye of draining (D:12)
  2 phantoms
  2 ice beasts
  8 ogres
  3 sky beasts
  2 wolves (D:8)
  A centaur (D:7)
  3 crocodiles
  3 big kobolds
  6 bullfrogs
  A wyvern skeleton (D:11)
  A scorpion (D:10)
  A water moccasin skeleton (D:11)
  20 killer bees (D:9)
  17 wights
  7 howler monkeys
  6 electric eels
  6 crimson imps
  5 jellies
  2 bullfrog zombies
  2 hounds
  6 orc priests
  4 bullfrog skeletons
  A centaur skeleton (D:6)
  15 orc wizards
  Jessica (D:3)
  5 iguanas
  10 worker ants
  A hound skeleton (D:4)
  3 howler monkey zombies
  A worker ant zombie (D:5)
  2 howler monkey skeletons
  7 adders
  5 shadow imps
  11 oozes
  An adder skeleton (D:5)
  3 worms
  5 dart slugs
  7 leopard geckos
  71 orcs
  2 bat zombies (D:3)
  3 giant cockroaches
  4 goblins
  11 hobgoblins
  12 jackals
  4 quokkas
  5 bats
  3 frilled lizards
  A jackal skeleton (D:4)
  24 kobolds
  A quokka zombie (D:7)
  7 rats
  A rat zombie (D:3)
403 creatures vanquished.

Vanquished Creatures (collateral kills)
  A queen bee (D:9)
  4 killer bees (D:9)
5 creatures vanquished.

Vanquished Creatures (others)
  2 killer bees (D:9)
  An orc wizard (D:5)
  2 fungi
  10 toadstools (D:3)
15 creatures vanquished.

Grand Total: 423 creatures vanquished

Notes
Turn   | Place    | Note
-------+----------+-------------------------------------------
     0 | D:1      | Amnesiac the Tengu Air Elementalist began the quest for the Orb.
     0 | D:1      | Reached XP level 1. HP: 10/10 MP: 4/4
   269 | D:1      | Reached XP level 2. HP: 12/15 MP: 0/6
  1558 | D:2      | Reached XP level 3. HP: 10/19 MP: 4/8
  2165 | D:2      | Found a sparkling altar of Nemelex Xobeh.
  2564 | D:3      | Noticed a hippogriff
  2720 | D:3      | Reached XP level 4. HP: 24/24 MP: 11/11
  2865 | D:3      | Found an ancient bone altar of Kikubaaqudgha.
  2922 | D:3      | Found a deep blue altar of Sif Muna.
  2924 | D:3      | Found an opulent altar of Gozag.
  2928 | D:3      | Became a worshipper of Sif Muna the Loreminder
  3189 | D:2      | Learned a level 4 spell: Airstrike
  3446 | D:3      | Noticed Jessica
  3448 | D:3      | Killed Jessica
  3448 | D:3      | Gained mutation: You can fly. [Tengu growth]
  3448 | D:3      | Reached XP level 5. HP: 28/28 MP: 10/12
  3742 | D:3      | Reached skill level 5 in Spellcasting
  3806 | D:3      | Reached skill level 5 in Air Magic
  3806 | D:3      | Reached XP level 6. HP: 32/32 MP: 1/14
  3998 | D:4      | Found a staircase to the Ecumenical Temple.
  4002 | D:4      | Got a transparent buckler
  4011 | D:4      | Identified the +4 buckler of Happy Babbling {rElec} (You found it on level 4 of the Dungeon)
  4027 | D:4      | Found a transporter.
  4088 | D:4      | Reached * piety under Sif Muna
  4287 | D:4      | Found a transporter.
  4611 | D:4      | HP: 1/32 [ogre/giant spiked club (31)]
  4635 | D:4      | Reached XP level 7. HP: 4/36 MP: 5/17
  4855 | D:4      | Learned a level 5 spell: Lightning Bolt
  4858 | D:4      | Learned a level 2 spell: Swiftness
  5801 | D:5      | Entered Level 5 of the Dungeon
  5803 | D:5      | Noticed vishdafish's ghost (novice DrFi)
  5812 | D:5      | Killed vishdafish's ghost
  5812 | D:5      | Reached ** piety under Sif Muna
  5812 | D:5      | Reached XP level 8. HP: 22/41 MP: 0/20
  6291 | D:5      | Killed a hippogriff
  6291 | D:5      | Reached skill level 1 in Shields
  6312 | D:5      | Noticed Menkaure
  6329 | D:5      | Killed Menkaure
  6589 | D:6      | Reached XP level 9. HP: 45/45 MP: 13/22
  7621 | D:7      | Reached *** piety under Sif Muna
  8423 | D:7      | Reached skill level 10 in Spellcasting
  8547 | D:7      | Reached skill level 10 in Air Magic
  8717 | D:8      | Reached XP level 10. HP: 50/50 MP: 8/25
  8985 | D:8      | Reached **** piety under Sif Muna
  9010 | D:8      | Noticed Grum
  9030 | D:8      | Killed Grum
  9190 | D:8      | Noticed Psyche
  9298 | D:8      | Noticed an elephant
  9298 | D:8      | Killed Psyche
  9479 | D:8      | Killed an elephant
  9585 | D:8      | Found a staircase to the Lair.
  9820 | Lair:1   | Entered Level 1 of the Lair of Beasts
  9826 | Lair:1   | Noticed Prince Ribbit
  9933 | D:8      | Killed Prince Ribbit
 10153 | D:8      | Reached ***** piety under Sif Muna
 10153 | D:8      | Received a gift from Sif Muna
 10158 | D:8      | Learned a level 2 spell: Blink
 10162 | D:8      | Learned a level 3 spell: Mephitic Cloud
 10582 | D:9      | Reached XP level 11. HP: 35/54 MP: 7/27
 10591 | D:9      | Noticed a two-headed ogre
 10673 | D:8      | Killed a two-headed ogre
 10929 | D:9      | Reached skill level 1 in Invocations
 11185 | D:9      | Reached skill level 1 in Fighting
 11856 | D:9      | Found a stormy altar of Qazlal.
 12515 | D:10     | Entered Level 10 of the Dungeon
 12689 | D:10     | Noticed an unseen horror
 12692 | D:10     | Killed an unseen horror
 12776 | D:10     | Reached skill level 5 in Dodging
 12868 | D:10     | Noticed a four-headed hydra
 13196 | D:10     | Found a flagged portal.
 13202 | Bailey   | Identified a paperback manual
 13202 | Bailey   | Entered a bailey
 13971 | Bailey   | Noticed an orc knight
 14021 | Bailey   | Killed an orc knight
 14695 | D:10     | Killed a four-headed hydra
 14695 | D:10     | Reached skill level 5 in Invocations
 14695 | D:10     | Reached XP level 12. HP: 66/66 MP: 16/29
 14779 | D:11     | Found a staircase to the Orcish Mines.
 15061 | D:11     | Found Veteas's Jewellery Shoppe.
 15858 | D:11     | Noticed a two-headed ogre
 15900 | D:11     | Killed a two-headed ogre
 16008 | D:11     | Noticed Urug
 16041 | D:11     | Killed Urug
 16834 | Orc:1    | Entered Level 1 of the Orcish Mines
 17077 | Orc:1    | Reached skill level 5 in Fighting
 17859 | Orc:1    | Demolished by an orc knight

Vault maps used:
D:1:      dpeg_arrival_arbitrary_b
D:2:      kb_forest_paths, lemuel_crystal_altar, st_stairs_1
D:3:      cheibrodos_fertilizer, grunt_temple_overflow_open,
          lemuel_zombie_altar_kikubaaqudgha, first_ration, uniq_jessica
D:4:      gammafunk_steamed_eel, temple_pool_b
D:5:      uniq_menkaure
D:6:      small_statue_intersection
D:7:      the_bakery
D:8:      david_lair_generic, uniq_psyche, uniq_grum
D:9:      nicolae_qazlal_general_emergency
D:10:     enter_bailey_2, minivault_5, hex_intersection
D:11:     david_orc_2, serial_shops, shop, uniq_urug
D:12:     cheibrodos_hippocracy, special_room, serial_bayou_pond_e,
          hangedman_parallel_progression
Lair:1:   uniq_fannar, uniq_nergalle, uniq_prince_ribbit2
Orc:1:    guppyfry_orc_lava_fort
Bailey:   bailey_polearm_2, bailey

Skill      XL: |  1  2  3  4  5  6  7  8  9 10 11 12 |
---------------+-------------------------------------+-----
Spellcasting   | 3 4 5 6 7 8 10 11 12 | 12.2
Air Magic      | 5 7 8 10 11 12 | 12.2
Shields        | 2 4 |  4.0
Invocations    | 5 7 |  7.2
Dodging        | 6 9 |  9.1
Fighting       | 3 5 |  5.4
Stealth        | |  2.0
Conjurations   | |  1.3

Action                   |  1- 3 |  4- 6 |  7- 9 | 10-12 || total
-------------------------+-------+-------+-------+-------++-------
Melee: Unarmed           |     8 |       |       |       ||     8
       Kick              |     4 |     9 |    11 |    12 ||    36
       Peck              |     3 |     4 |     5 |     4 ||    16
       Dagger            |     2 |    36 |    29 |    35 ||   102
 Cast: Shock             |    87 |    97 |     1 |       ||   185
       Airstrike         |       |     4 |   131 |   425 ||   560
       Lightning Bolt    |       |       |       |    14 ||    14
       Mephitic Cloud    |       |       |       |     6 ||     6
       Blink             |       |       |       |     1 ||     1
Invok: Divine Energy     |       |       |     1 |       ||     1
 Abil: Fly               |       |     1 |       |    16 ||    17
Evoke: Wand              |       |       |       |     2 ||     2
  Use: Scroll            |       |       |    19 |     7 ||    26
       Potion            |       |       |     3 |     2 ||     5
 Stab: Sleeping          |       |     6 |       |       ||     6
  Eat: Chunk             |     5 |     7 |    20 |    41 ||    73
       Ration            |       |       |     2 |     1 ||     3
Armor: Robe              |     4 |    19 |     3 |     9 ||    35
       Skin              |       |       |     7 |       ||     7
Dodge: Dodged            |    11 |    45 |    24 |   116 ||   196
Block: Buckler           |       |     6 |    32 |    71 ||   109

Table legend:
 A = Spawn XP
 B = Non-spawn XP
 C = Spawn XP percentage of total XP
 D = Spawn monster count
 E = Non-spawn monster count
 F = Spawn count percentage of total count
 G = Total turns spent on level
                    A         B        C        D         E        F      G
               +---------+---------+-------+---------+---------+-------+---------
         Total |       0 |   28678 |   0.0 |       0 |     411 |   0.0 | 17859
               +---------+---------+-------+---------+---------+-------+---------
           D:1 |       0 |      30 |   0.0 |       0 |      15 |   0.0 |  1455
           D:2 |       0 |      38 |   0.0 |       0 |      17 |   0.0 |  1260
           D:3 |       0 |     276 |   0.0 |       0 |      45 |   0.0 |  1677
           D:4 |       0 |     531 |   0.0 |       0 |      21 |   0.0 |  1409
           D:5 |       0 |    1462 |   0.0 |       0 |      25 |   0.0 |   771
           D:6 |       0 |     606 |   0.0 |       0 |      20 |   0.0 |  1111
           D:7 |       0 |    1681 |   0.0 |       0 |      34 |   0.0 |  1045
           D:8 |       0 |    4159 |   0.0 |       0 |      24 |   0.0 |  1845
           D:9 |       0 |    3373 |   0.0 |       0 |      62 |   0.0 |  1895
          D:10 |       0 |    4177 |   0.0 |       0 |      30 |   0.0 |  1467
          D:11 |       0 |    6509 |   0.0 |       0 |      64 |   0.0 |  2056
          D:12 |       0 |     548 |   0.0 |       0 |       7 |   0.0 |   123
        Lair:1 |       0 |     900 |   0.0 |       0 |       4 |   0.0 |    47
         Orc:1 |       0 |    2541 |   0.0 |       0 |      17 |   0.0 |   660
        Bailey |       0 |    1847 |   0.0 |       0 |      26 |   0.0 |  1038
               +---------+---------+-------+---------+---------+-------+---------
